 Dungeon Crawl Stone Soup version 0.29.1-15-g9cfb28693d (webtiles) character file.

Game seed: 5926586055018450376

13617 protoss039 the Fighter (level 11, -3/89 HPs)
             Began as a Demonspawn Earth Elementalist on Mar 30, 2023.
             Was an Elder of Vehumet.
             Killed by an exploding yak (22 damage)
             ... ignited by their inner flame
             ... on level 11 of the Dungeon.
             The game lasted 00:36:41 (16443 turns).

protoss039 the Fighter (DsEE)                      Turns: 16443, Time: 00:36:43

Health: -3/89      AC:  8    Str: 17    XL:     11   Next: 77%
Magic:  18/21      EV: 11    Int: 23    God:    Vehumet [****..]
Gold:   84         SH: 16    Dex: 14    Spells: 5/23 levels left

rFire   + . .      SeeInvis .   p - +7 dagger of Death {flame, Drain rN+ Will++ Str+3}
rCold   . . .      Faith    .   F - +7 kite shield "Teicsoga" {Int+2}
rNeg    + + .      Spirit   .   q - +1 robe {rF+}
rPois   .          Reflect  .   (no helmet)
rElec   .          Harm     .   B - +0 cloak
rCorr   .          Rampage  .   a - +0 pair of gloves
Will    ++...                   (no boots)
Stlth   ++........              J - amulet of regeneration
HPRegen 4.04/turn               b - +6 ring of strength
MPRegen 0.17/turn               K - ring of positive energy

@: no status effects
A: hooves 1, powered by death 2, powered by pain 1, sharp scales 2
a: Renounce Religion


You were on level 11 of the Dungeon.
You worshipped Vehumet.
Vehumet was greatly pleased with you.
You visited 1 branch of the dungeon, and saw 11 of its levels.
You also visited: Bailey.

You collected 671 gold pieces.
You spent 587 gold pieces at shops.

Inventory:

Hand Weapons
 p - the +7 dagger of Death (weapon) {flame, Drain rN+ Will++ Str+3}
   (You found it on level 3 of the Dungeon)

   It burns those it strikes, dealing additional fire damage.
   Str:       It affects your strength (+3).
   rN:        It protects you from negative energy.
   Drain:     It drains your maximum health when unequipped.
   Will:      It greatly increases your willpower.
Armour
 a - a +0 pair of gloves (worn)
 q - a +1 robe of fire resistance (worn)
 B - a +0 cloak (worn)
 F - the +7 kite shield "Teicsoga" (worn) {Int+2}
   (You bought it in a shop on level 10 of the Dungeon)

   Int:       It affects your intelligence (+2).
Jewellery
 b - a +6 ring of strength (left hand)
 y - a ring of flight
 z - the amulet "Rodwu Xyas" {Faith Str+6 Dex-2}
   (You found it on level 6 of the Dungeon)

   [amulet of faith]

   It allows you to gain divine favour quickly.
   Str:       It affects your strength (+6).
   Dex:       It affects your dexterity (-2).
 J - an amulet of regeneration (around neck)
 K - a ring of positive energy (right hand)
Wands
 x - a wand of polymorph (16)
 C - a wand of paralysis (5)
Scrolls
 c - a scroll of summoning {unknown}
 d - 6 scrolls of teleportation
 f - 2 scrolls of enchant armour
 g - a scroll of noise {unknown}
 h - a scroll of fear
 k - a scroll of identify
 n - 2 scrolls of silence {unknown}
 s - 3 scrolls of immolation
 t - 2 scrolls of fog {unknown}
 u - a scroll of magic mapping {unknown}
 v - a scroll of blinking {unknown}
 E - 2 scrolls of enchant weapon {unknown}
Potions
 i - 5 potions of brilliance
 j - 2 potions of attraction
 l - 2 potions of berserk rage {unknown}
 m - 2 potions of flight
 o - 2 potions of cancellation {unknown}
 r - 4 potions of mutation
 w - 8 potions of invisibility
 D - a potion of curing
 G - 4 potions of magic
 H - 3 potions of might {unknown}
 I - a potion of resistance {unknown}


   Skills:
 * Level 9.1 Fighting
 + Level 6.5 Armour
 - Level 3.0 Dodging
 - Level 3.0 Stealth
 * Level 3.2 Shields
 + Level 6.9 Spellcasting
 + Level 6.6 Conjurations
 - Level 3.0 Translocations
 + Level 4.0 Transmutations
 - Level 3.0 Fire Magic
 + Level 7.1 Earth Magic
 - Level 3.0 Evocations


You had 5 spell levels left.
You knew the following spells:

 Your Spells              Type           Power      Damage    Failure   Level
a - Sandblast             Erth           80%        2d17      1%          1
b - Passwall              Tmut/Erth      27%        N/A       3%          2
c - Stone Arrow           Conj/Erth      78%        3d11      1%          3
d - Iskenderun's Mystic   Conj/Tloc      30%        2d8       9%          4
e - Inner Flame           Hex/Fire       14%        N/A       11%         3
f - Irradiate             Conj/Tmut      16%        3d17      19%         5

Your spell library contained the following spells:

 Spells                   Type           Power      Damage    Failure   Level
 Dazzling Flash           Conj/Hex       46%        N/A       5%          3
 Petrify                  Tmut/Erth      33%        N/A       24%         4
 Portal Projectile        Hex/Tloc       28%        N/A       36%         3
 Summon Guardian Golem    Hex/Summ       8%         N/A       58%         3
 Tukima's Dance           Hex            8%         N/A       58%         3
 Blade Hands              Tmut           13%        N/A       77%         5
 Starburst                Conj/Fire      15%        6d6       73%         6
 Orb of Destruction       Conj           19%        9d8       95%         7
 Spellforged Servitor     Conj/Summ      11%        N/A       100%        7


Dungeon Overview and Level Annotations

Branches:
Dungeon (11/15) Zot: 24893  Temple (0/1) D:6            Lair (0/5) D:11
 Bailey (visited)
    Orc: D:9-12

Altars:
Ashenzari
Kikubaaqudgha
Vehumet

Shops:
D:10 *

Annotations:
D:7 1 exclusion
D:9 3 transporters
D:10 5 transporters


Innate Abilities, Weirdness & Mutations

You have large cloven feet.
You regenerate health from kills.
You sometimes gain a little power by taking damage.
You are mostly covered in razor-sharp scales. (AC +2, Slay +2)


Message History

Unknown command.
Really read the scroll of immolation?
As you read the scroll of immolation, it crumbles to dust.
The creatures around you are filled with an inner flame!
You block the killer bee's attack. The killer bee stings you.
You block the yak's attack. The yak gores you!
Unknown command.
Unknown command.
You hit the yak. You burn the yak. Vehumet accepts your kill.
You feel your power returning.
The yak explodes!
The fiery explosion engulfs the yak!
Flame seeps out of the yak.
The yak is moderately wounded.
The fiery explosion engulfs you!! You resist.
* * * LOW HITPOINT WARNING * * *
You focus on the pain.
You feel your power returning.
The fiery explosion engulfs the yak!!
Vehumet accepts your kill.
The fiery explosion engulfs the killer bee!!
Vehumet accepts your kill.
You feel your power returning.
The killer bee explodes!
The fiery explosion engulfs the wraith.
Flame seeps out of the wraith.
The wraith is lightly damaged.
The fiery explosion engulfs the yak!!
Flame seeps out of the yak.
The yak is severely wounded.
The fiery explosion engulfs you but does no damage.
The yak explodes!
The fiery explosion engulfs the yak!!
Flame seeps out of the yak.
The yak is severely wounded.
The fiery explosion engulfs the yak!!
Vehumet accepts your kill.
The fiery explosion engulfs the wraith!!
Flame seeps out of the wraith.
The wraith is severely damaged.
The fiery explosion engulfs the yak!
Vehumet accepts your kill.
You feel your power returning. The fiery explosion engulfs you!! You resist.
You die...

##### ...#######
#.......# ######.......#
.....#.......#
..#####.........#####
.......YW§§.(.......#
....$..§§§......###+####
......##§@§............#
..#### #.§......#......#
# #.........#.(....#
#...#'#...#......#
#................#
#..#.#..#.#......#
..............####
#...#.....>##..#
#...#.......#..#


You could see a yak (inner flame) and a wraith (inner flame).

Vanquished Creatures
  Erolcha (D:10)
  2 two-headed ogres
  Urug (D:10)
  4 skeletal warriors
  2 manticores (D:11)
  An ugly thing (D:11)
  A cyclops (D:11)
  Joseph (D:8)
  3 trolls
  Grinder (D:3)
  A wyvern (D:9)
  9 yaks
  2 shadows
  4 hogs (D:7)
  A human (D:7)
  A black bear (D:5)
  6 orc warriors
  A water moccasin (D:6)
  An ogre (D:6)
  2 centaurs
  5 kobold brigands
  3 phantoms
  A gnoll sergeant (D:11)
  4 bullfrogs
  3 necrophages
  A scorpion (D:5)
  8 wights
  14 killer bees
  2 electric eels (D:7)
  4 howler monkeys
  5 orc priests
  2 gnoll boudas
  4 jellies
  4 hounds
  5 iguanas
  Natasha (twice) (D:2)
  6 orc wizards
  17 gnolls
  8 adders
  A shadow imp (D:6)
  4 white imps
  An ufetubus (D:5)
  5 worms
  61 orcs
  11 endoplasms
  5 giant cockroaches
  8 goblins
  12 hobgoblins
  6 jackals
  4 quokkas
  10 ball pythons
  7 bats
  5 frilled lizards
  17 kobolds
  2 rats (D:1)
302 creatures vanquished.

Vanquished Creatures (others)
  An orc (D:7)
  14 plants (D:4)
15 creatures vanquished.

Grand Total: 317 creatures vanquished

Notes
Turn   | Place    | Note
-------+----------+-------------------------------------------
     0 | D:1      | protoss039 the Demonspawn Earth Elementalist began the
                  | quest for the Orb.
     0 | D:1      | Reached XP level 1. HP: 13/13 MP: 3/3
   141 | D:1      | Gained mutation: You have large cloven feet. [demonic
                  | ancestry]
   141 | D:1      | Reached XP level 2. HP: 18/20 MP: 0/5
   292 | D:1      | Reached skill level 1 in Fighting
   932 | D:1      | Found a faded altar of an unknown god.
   940 | D:1      | Gained mutation: You regenerate a little health from kills.
                  | [demonic ancestry]
   940 | D:1      | Reached XP level 3. HP: 25/26 MP: 4/6
  1432 | D:1      | Learned a level 2 spell: Passwall
  1740 | D:2      | Gained mutation: You regenerate health from kills. [demonic
                  | ancestry]
  1740 | D:2      | Reached XP level 4. HP: 33/33 MP: 3/8
  1743 | D:2      | Reached skill level 1 in Armour
  2011 | D:2      | Reached skill level 2 in Fighting
  2214 | D:2      | Noticed Natasha
  2220 | D:2      | Killed Natasha
  2221 | D:2      | Gained mutation: You are partially covered in razor-sharp
                  | scales. (AC +1, Slay +1) [demonic ancestry]
  2221 | D:2      | Reached XP level 5. HP: 38/38 MP: 2/9
  2425 | D:2      | Noticed Natasha
  2431 | D:2      | Killed Natasha
  2578 | D:2      | Learned a level 3 spell: Stone Arrow
  2773 | D:3      | Noticed Grinder
  2783 | D:3      | Killed Grinder
  2784 | D:3      | Reached skill level 1 in Conjurations
  2784 | D:3      | Reached XP level 6. HP: 27/46 MP: 2/11
  3113 | D:3      | Found a radiant altar of Vehumet.
  3135 | D:3      | Became a worshipper of Vehumet
  3369 | D:3      | Identified the +7 dagger of Death {flame, Drain rN+ Will++
                  | Str+3}
  3876 | D:4      | You fall into a shaft and drop 1 floor!
  3876 | D:5      | Entered Level 5 of the Dungeon
  4013 | D:5      | Reached skill level 3 in Fighting
  4013 | D:5      | Gained mutation: You sometimes gain a little power by
                  | taking damage. [demonic ancestry]
  4013 | D:5      | Reached XP level 7. HP: 45/52 MP: 7/12
  4908 | D:4      | Reached skill level 1 in Transmutations
  5229 | D:4      | Learned a level 4 spell: Iskenderun's Mystic Blast
  5737 | D:5      | Reached skill level 1 in Translocations
  5979 | D:5      | Reached skill level 1 in Evocations
  6055 | D:5      | Noticed a two-headed ogre
  6092 | D:5      | Killed a two-headed ogre
  6093 | D:5      | Reached XP level 8. HP: 46/60 MP: 0/14
  6260 | D:5      | Reached * piety under Vehumet
  6260 | D:5      | Offered knowledge of Freeze by Vehumet.
  6312 | D:5      | Reached skill level 4 in Fighting
  7129 | D:6      | Reached XP level 9. HP: 49/65 MP: 3/15
  7226 | D:6      | Identified the amulet "Rodwu Xyas" {Faith Str+6 Dex-2}
  7340 | D:6      | Found a staircase to the Ecumenical Temple.
  7350 | D:6      | Reached skill level 5 in Earth Magic
  8526 | D:6      | Reached ** piety under Vehumet
  8829 | D:6      | Offered knowledge of Foxfire by Vehumet.
  8866 | D:7      | Reached skill level 5 in Fighting
  9250 | D:7      | Reached skill level 5 in Spellcasting
  9675 | D:7      | Reached skill level 5 in Armour
 10065 | D:7      | Reached skill level 6 in Fighting
 10585 | D:8      | HP: 3/65 [white imp (4)]
 10914 | D:8      | Gained mutation: You are mostly covered in razor-sharp
                  | scales. (AC +2, Slay +2) [demonic ancestry]
 10914 | D:8      | Reached XP level 10. HP: 72/73 MP: 10/18
 10930 | D:8      | Noticed Joseph
 10937 | D:8      | Found a flagged portal.
 10955 | D:8      | Killed Joseph
 11031 | Bailey   | Entered a bailey
 11676 | Bailey   | Reached skill level 5 in Conjurations
 11912 | Bailey   | Offered knowledge of Inner Flame by Vehumet.
 12018 | D:8      | Learned a level 3 spell: Inner Flame
 12113 | D:8      | Reached *** piety under Vehumet
 12371 | D:8      | Reached skill level 1 in Fire Magic
 12967 | D:9      | Offered knowledge of Airstrike by Vehumet.
 13094 | D:9      | Found a transporter.
 13105 | D:9      | Found a transporter.
 13107 | D:9      | Found a transporter.
 13111 | D:9      | Found a transporter.
 13292 | D:9      | Reached skill level 7 in Fighting
 13502 | D:9      | Found a broken altar of Ashenzari.
 13910 | D:9      | Found an ancient bone altar of Kikubaaqudgha.
 13973 | D:10     | Entered Level 10 of the Dungeon
 14116 | D:10     | Reached **** piety under Vehumet
 14344 | D:10     | Noticed a skeletal warrior
 14345 | D:10     | Noticed a skeletal warrior
 14345 | D:10     | Noticed a skeletal warrior
 14369 | D:11     | Noticed a manticore
 14374 | D:11     | Killed a manticore
 14478 | D:11     | Noticed a brown ugly thing
 14482 | D:11     | Noticed a two-headed ogre
 14503 | D:11     | Offered knowledge of Irradiate by Vehumet.
 14510 | D:11     | Learned a level 5 spell: Irradiate
 14636 | D:10     | Noticed Erolcha
 14641 | D:10     | Killed Erolcha
 14642 | D:10     | Reached skill level 8 in Fighting
 14642 | D:10     | Reached XP level 11. HP: 86/86 MP: 4/20
 14744 | D:10     | Found Geicor's Specific Store.
 14760 | D:10     | Found Rustow's General Store.
 14863 | D:10     | Bought a scroll of identify for 30 gold pieces
 14867 | D:10     | Bought the +7 kite shield "Teicsoga" {Int+2} for 557 gold
                  | pieces
 14901 | D:10     | Found a transporter.
 14904 | D:10     | Found a transporter.
 14909 | D:10     | Found a transporter.
 14918 | D:10     | Found a transporter.
 15037 | D:10     | Found a transporter.
 15037 | D:10     | Found a transporter.
 15085 | D:10     | Noticed Urug
 15094 | D:10     | Killed Urug
 15095 | D:10     | Reached skill level 1 in Shields
 15229 | D:9      | Killed a skeletal warrior
 15364 | D:10     | Killed a two-headed ogre
 15426 | D:10     | Noticed a skeletal warrior
 15456 | D:9      | Killed a skeletal warrior
 15661 | D:9      | Killed a skeletal warrior
 16062 | D:10     | Killed a skeletal warrior
 16264 | D:11     | Killed a brown ugly thing
 16265 | D:11     | Reached skill level 9 in Fighting
 16403 | D:11     | Found a staircase to the Lair.
 16443 | D:11     | Killed by an exploding yak... ignited by their inner flame

Illustrated notes

Levels and vault maps discovered:
D:1:      heliophobic_arrival_battle_scene, layout_basic,
          hellmonk_ecumenical_altar_dog_temple, minmay_hexomino_u4
D:2:      layout_rooms, uniq_natasha
D:3:      layout_loops_ring, lemuel_round_altar, chequers_serial_rivers_room_b,
          st_stairs_5, minmay_misc_feat_square, uniq_grinder
D:4:      layout_gridville, serial_bayou_pond_c
D:5:      layout_gridville, mainiacjoe_overflow_catwalk
D:6:      layout_layer_cave, minmay_temple_entry_antechambers,
          minmay_fractal_squares_5
D:7:      layout_basic, serial_corexii_hall, corexii_hall_statues_i,
          corexii_hall_statues_x, kennysheep_diamond, grunt_livestock
D:8:      layout_rooms, enter_bailey_8, minmay_sticks_and_stones
D:9:      layout_grid_maze, mainiacjoe_overflow_six_doors_small,
          gammafunk_temple_overflow_elements, special_room [special_room_orc],
          nicolae_transporter_circle
D:10:     layout_long_grid, minmay_hedge_maze, nicolae_specific_store,
          minmay_crystal_room, serial_nicolae_subway,
          nicolae_sub_station_crystal, nicolae_sub_station_metal,
          nicolae_sub_station_stone, uniq_urug, uniq_erolcha
D:11:     minmay_ornate_pinched, layout_basic, erik_orc_1

Skill      XL: |  1  2  3  4  5  6  7  8  9 10 11 |
---------------+----------------------------------+-----
Fighting       | 1 2 3 4 6 8 9 |  9.1
Earth Magic    | 3 4 5 6 7 |  7.1
Armour         | 1 2 3 5 6 |  6.5
Spellcasting   | 3 4 5 6 |  6.9
Conjurations   | 1 2 3 4 6 |  6.6
Dodging        | 3 |  3.0
Stealth        | 3 |  3.0
Transmutations | 2 3 4 |  4.0
Translocations | 2 3 |  3.0
Evocations     | 1 2 3 |  3.0
Fire Magic     | 2 3 |  3.0
Shields        | 3 |  3.2

Action                   |  1- 3 |  4- 6 |  7- 9 | 10-12 || total
-------------------------+-------+-------+-------+-------++-------
Melee: Short sword       |     4 |       |       |       ||     4
       Unarmed           |     1 |       |       |       ||     1
       Dagger            |    36 |    38 |    17 |   111 ||   202
       Kick              |     6 |    13 |     7 |    30 ||    56
 Cast: Sandblast         |    56 |    88 |   153 |   120 ||   417
       Stone Arrow       |       |       |    70 |   175 ||   245
Evoke: Wand              |       |       |       |     4 ||     4
  Use: Potion            |     1 |       |     7 |     2 ||    10
       Scroll            |       |     1 |    11 |     5 ||    17
 Stab: Sleeping          |     1 |       |       |    13 ||    14
       Paralysed         |       |       |       |     1 ||     1
Armor: Robe              |     9 |     4 |    39 |    77 ||   129
       Leather armour    |     9 |    25 |       |       ||    34
Dodge: Dodged            |    64 |    41 |   141 |   206 ||   452
Block: Kite shield       |       |       |       |    52 ||    52
